 Dungeon Crawl Stone Soup version 0.18.1-5-g4a78601 (webtiles) character file.

121 PossumBlood the Chopper (level 5, -2/45 HPs)
             Began as a Hill Orc Fighter on May 10, 2016.
             Killed from afar by 2d6's ghost (4 damage)
             ... with a magic dart
             ... on level 3 of the Dungeon.
             The game lasted 00:04:06 (1428 turns).

PossumBlood the Chopper (Hill Orc Fighter)          Turns: 1428, Time: 00:04:07

Health: -2/45      AC:  6    Str: 20    XL:     5   Next: 5%
Magic:  5/5        EV:  7    Int:  8    God:
Gold:   60         SH: 11    Dex: 10    Spells: 0 memorised, 4 levels left

rFire  . . .     SeeInvis .     a - +0 war axe
rCold  . . .     Gourm    .     b - +0 scale mail
rNeg   . . .     Faith    .     g - +2 shield
rPois  .         Spirit   .     (no helmet)
rElec  .         Dismiss  .     (no cloak)
rCorr  .         Reflect  .     (no gloves)
SustAt .         Harm     .     (no boots)
MR     .....                    (no amulet)
Stlth  ..........               (no ring)
                                (no ring)

@: not resistant to hostile enchantments, extremely unstealthy
A: no striking features
a: no special abilities


You were on level 3 of the Dungeon.
You were not hungry.

You visited 1 branch of the dungeon, and saw 3 of its levels.

You collected 60 gold pieces.

Inventory:

Hand Weapons
 a - a +0 war axe (weapon)
Armour
 b - a +0 scale mail (worn)
 c - a +0 shield
 g - a +2 shield (worn)
Jewellery
 m - an uncursed amulet of dismissal
Scrolls
 e - 4 scrolls of remove curse {unknown}
 i - 2 scrolls of identify {unknown}
 n - a scroll of magic mapping {unknown}
 q - a scroll of recharging {unknown}
Potions
 d - a potion of lignification {unknown}
 h - 2 potions of resistance {unknown}
 j - a potion of curing {unknown}
 l - a potion of mutation {unknown}
 p - a potion of cure mutation {unknown}
Comestibles
 f - 3 bread rations
 k - 2 fruits
 o - a royal jelly


   Skills:
 - Level 3.6 Fighting
 * Level 6.7 Axes
 - Level 3.2 Armour
 - Level 3.2 Shields


You had 4 spell levels left.
You didn't know any spells.

Dungeon Overview and Level Annotations

Branches:
Dungeon (3/15)

Altars:
Dithmenos
Makhleb

Annotations:
D:3 2d6's ghost, amateur DrCj


Message History

2d6's ghost barely misses you. 2d6's ghost points at you and mumbles some strange words.
The magic dart hits you!
* * * LOW HITPOINT WARNING * * *
You hit 2d6's ghost. 2d6's ghost is severely damaged. 2d6's ghost closely misses you.
You hit 2d6's ghost but do no damage. 2d6's ghost is severely damaged. 2d6's ghost hits you.
* * * LOW HITPOINT WARNING * * *
2d6's ghost burns you.
* * * LOW HITPOINT WARNING * * *
You hit 2d6's ghost. 2d6's ghost is almost destroyed. 2d6's ghost whispers, "Death doesn't hurt.
What you feel is life." 2d6's ghost barely misses you. 2d6's ghost points at you and mumbles some strange words.
The magic dart hits you!
You die...

####..### #.....#
#..†..# #.....# .
#.....# ..
#.....##...
########........8.
...........†..##
######.†..@W...#
#.......##.#<#
........### ....
......... #.#
......§.. ...
.........# ##
.........#
..........


You could see 2d6's ghost.

Vanquished Creatures
  Terence (D:2)
  Robin (D:2)
  3 adders
  4 dart slugs
  A giant gecko (D:1)
  A giant cockroach (D:2)
  13 goblins
  8 hobgoblins
  3 jackals (D:2)
  5 kobolds
  A quokka (D:3)
  A bat (D:1)
  5 giant newts
  3 rats
50 creatures vanquished.

Notes
Turn   | Place    | Note
--------------------------------------------------------------
     0 | D:1      | PossumBlood the Hill Orc Fighter began the quest for the Orb.
     0 | D:1      | Reached XP level 1. HP: 19/19 MP: 1/1
    94 | D:1      | Reached skill level 3 in Axes
   138 | D:1      | Reached XP level 2. HP: 19/26 MP: 2/2
   254 | D:1      | Reached skill level 4 in Axes
   572 | D:2      | Noticed Robin
   584 | D:2      | Reached XP level 3. HP: 18/31 MP: 3/3
   589 | D:2      | Killed Robin
   589 | D:2      | Reached skill level 5 in Axes
   868 | D:2      | Reached XP level 4. HP: 37/39 MP: 4/4
   973 | D:2      | Noticed Terence
   985 | D:2      | Killed Terence
   985 | D:2      | Reached skill level 6 in Axes
  1246 | D:2      | Found a burning altar of Makhleb.
  1355 | D:3      | Found a shadowy altar of Dithmenos.
  1374 | D:3      | Reached XP level 5. HP: 31/45 MP: 5/5
  1406 | D:3      | Noticed 2d6's ghost (amateur DrCj)
  1427 | D:3      | HP: 2/45 [2d6's ghost (1)]
  1428 | D:3      | Killed from afar by 2d6's ghost

Skill      XL: |  1  2  3  4 |
---------------+-------------+-----
Axes           | 3 4 5 6 |  6.7
Fighting       | |  3.6
Armour         | |  3.2
Shields        | |  3.2

Action                   |  1- 3 |  4- 6 || total
-------------------------+-------+-------++-------
Melee: War axe           |    78 |    81 ||   159
  Use: Potion            |     1 |       ||     1
  Eat: Royal jelly       |       |     1 ||     1
Armor: Scale mail        |    28 |    19 ||    47
Dodge: Dodged            |    24 |    29 ||    53
Block: Shield            |    53 |    42 ||    95
